 Dungeon Crawl Stone Soup version 0.24-a0-201-gf2055891f0 (webtiles) character file.

Game seed: 14055393510996810645

39 MrRokkomies the Chucker (level 3, -3/39 HPs)
             Began as an Ogre Hunter on Mar 20, 2019.
             Slain by a shadow imp (5 damage)
             ... summoned by Natasha
             ... on level 2 of the Dungeon.
             The game lasted 00:03:19 (1241 turns).

MrRokkomies the Chucker (Ogre Hunter)               Turns: 1241, Time: 00:03:20

Health: -3/39      AC:  4    Str: 16    XL:     3   Next: 45%
Magic:  3/3        EV: 10    Int: 12    God:
Gold:   97         SH:  0    Dex: 10    Spells: 2/2 levels left

rFire    . . .     SeeInvis .   a - +0 short sword
rCold    . . .     Gourm    .   (no shield)
rNeg     . . .     Faith    .   h - +1 robe (curse)
rPois    .         Spirit   .   (helmet restricted)
rElec    .         Reflect  .   (no cloak)
rCorr    .         Harm     .   (gloves unavailable)
MR       .....                  (boots unavailable)
Stlth    +.........             (no amulet)
HPRegen  0.13/turn              (no ring)
MPRegen  0.08/turn              (no ring)

@: slowed, very slow
A: large, unfitting armour, tough skin 1
a: no special abilities


You were on level 2 of the Dungeon.
You were not hungry.

You visited 1 branch of the dungeon, and saw 2 of its levels.

You collected 97 gold pieces.

Inventory:

Hand Weapons
 a - a +0 short sword (weapon)
Missiles
 d - a throwing net (quivered)
 j - 17 poisoned needles
 m - 39 stones
Armour
 b - a +0 robe
 h - a cursed +1 robe (worn)
Scrolls
 e - 3 scrolls of enchant armour
 g - 3 scrolls of identify
 i - a scroll of teleportation
 k - a scroll of magic mapping
Potions
 n - a potion of lignification
Comestibles
 f - 2 rations


   Skills:
 * Level 4.0 Fighting
 * Level 4.6 Throwing
 - Level 1.7 Dodging
 - Level 0.6 Stealth


You had 2 spell levels left.
You didn't know any spells.
Your spell library was empty.

Dungeon Overview and Level Annotations

Branches:
Dungeon (2/15)

Altars:

Annotations:
D:2 Natasha


Innate Abilities, Weirdness & Mutations

You are too large for most types of armour.
You have tough skin. (AC +1)


Message History

You barely miss Natasha.
Natasha is heavily wounded.
The shadow imp gestures at you. Pain shoots through your body!
* * * LOW HITPOINT WARNING * * *
Natasha casts a spell.
Natasha struggles against the net.
The crimson imp grins evilly.
The crimson imp hits you but does no damage.
The bat hits you.
* * * LOW HITPOINT WARNING * * *
The shadow imp hits you.
* * * LOW HITPOINT WARNING * * *
The crimson imp hits you but does no damage.
You hit Natasha.
Natasha is severely wounded.
The bat barely misses you.
Natasha struggles against the net.
The net rips apart, and Natasha comes free!
The shadow imp hits you.
You die...

**********# *,,,,,,,,.#
*,******#.#*
*,*#####.#,**
*,*#....#**,**********
*,*#...## **,,,,,,,,,*
*,*#..รท5###.#*******,*
*,*##.#@5..#* *,* *,*
#..h5..#* *,* *,*
#.......#*******,** *,*
#b.........,,,,,,<* *,*
#.......###*****,,*
*,**#......##,,,,,,,,,**
*,,,.(.(....*,****,***,*
***.#(##.##.#,***,** **,
*,*,**,**,*,,,,,* *,


You could see Natasha, 2 crimson imps, a shadow imp and a bat.

Vanquished Creatures
  4 dart slugs
  A giant cockroach (D:1)
  6 goblins
  4 hobgoblins
  5 frilled lizards
  8 kobolds
  4 rats
32 creatures vanquished.

Notes
Turn   | Place    | Note
-------+----------+-------------------------------------------
     0 | D:1      | MrRokkomies the Ogre Hunter began the quest for the Orb.
     0 | D:1      | Reached XP level 1. HP: 22/22 MP: 1/1
     2 | D:1      | Noticed an octopode
     2 | D:1      | Noticed a felid
     4 | D:1      | Noticed a human
     4 | D:1      | Noticed a ghoul
     6 | D:1      | Noticed a demonspawn
     8 | D:1      | Noticed a naga
     8 | D:1      | Noticed a merfolk
    10 | D:1      | Noticed a spriggan
    10 | D:1      | Noticed an elf
    14 | D:1      | Noticed a troll
    14 | D:1      | Noticed a formicid
    16 | D:1      | Noticed a halfling
    18 | D:1      | Noticed a gargoyle
    18 | D:1      | Noticed a draconian
    20 | D:1      | Noticed a minotaur
    20 | D:1      | Noticed a vine stalker
    22 | D:1      | Noticed a dwarf
    22 | D:1      | Noticed an ogre
    24 | D:1      | Noticed a demigod
    24 | D:1      | Noticed a vampire
    26 | D:1      | Noticed a centaur
    26 | D:1      | Noticed a tengu
    55 | D:1      | Reached XP level 2. HP: 18/31 MP: 2/2
   640 | D:1      | Reached XP level 3. HP: 36/39 MP: 3/3
  1231 | D:2      | Noticed Natasha
  1241 | D:2      | Slain by a shadow imp

Levels and vault maps discovered:
D:1:      kb_arrival_jail, layout_rooms, minivault_27
D:2:      layout_loops_ring, hangedman_decor_points, minmay_splitting_lines,
          minmay_fractal_squares_5, uniq_natasha

Skill      XL: |  1  2  3 |
---------------+----------+-----
Fighting       | 3 4 |  4.0
Throwing       | |  4.6
Dodging        | |  1.7
Stealth        | |  0.6

Action                   || total
-------------------------++-------
Melee: Short sword       ||   104
Throw: Large rock        ||     5
       Throwing net      ||     1
  Use: Scroll            ||     5
 Stab: Held in net/web   ||     1
  Eat: Chunk             ||     1
Armor: Robe              ||    28
Dodge: Dodged            ||    65

Table legend:
 A = Non-vault XP
 B = Vault XP
 C = Vault XP percentage of total XP
 D = Non-vault monster count
 E = Vault monster count
 F = Vault count percentage of total count
                 A         B        C        D         E       F
            +---------+---------+-------+---------+---------+-------
      Total |      56 |       0 |   0.0 |      32 |       0 |   0.0
            +---------+---------+-------+---------+---------+-------
        D:1 |      39 |       0 |   0.0 |      22 |       0 |   0.0
        D:2 |      17 |       0 |   0.0 |      10 |       0 |   0.0
            +---------+---------+-------+---------+---------+-------
